Map: 캑터스 밸리 - 래더 (공허)

Players

Solar

  • Race: Zerg Zerg
  • Spawn Location: 5:00

Snute - Winner!

  • Race: Zerg Zerg
  • Spawn Location: 7:00

Event: IEM XI Katowice - World Championship 2017

VOD

Have the link to the VOD?

Description

Time

  • Played on: March 2, 2017, 6:06 a.m.
  • Length: 9:32

All games in this series

Show
View Real Time Build Order
Export as new Build Order

Solar Zerg 

Build Orders: Pool First 

Get SALT Encoding   

  12  0:17  Spawning Pool  
  11  0:22  Drone  
  11  0:27  Drone  
  13  0:31  Drone  
  14  0:41  Overlord  
  14  1:04  Zergling x2  
  14  1:05  Zergling x4  
  17  1:16  Zergling x2  
  18  1:24  Hatchery  
  17  1:27  Zergling x2  
  18  1:33  Queen  
  18  1:37  Zergling x2  
  21  1:50  Overlord  
  21  2:00  Drone  
  22  2:09  Queen, Drone  
  25  2:21  Drone  
  26  2:28  Spine Crawler  
  24  2:31  Drone  
  25  2:37  Zergling x2, Queen  
  25  2:42  Zergling x2  
  29  2:45  Zergling x2  
  29  2:49  Zergling x2  
  31  2:54  Zergling x2  
  32  3:11  Zergling x2  
  32  3:13  Zergling x2, Queen  
  32  3:15  Zergling x2  
  32  3:18  Overlord  
  35  3:38  Drone x3  
  37  3:44  Overlord  
  37  3:46  Drone  
  38  3:55  Drone x2  
  40  4:06  Drone x2  
  42  4:15  Extractor  
  41  4:17  Drone x2  
  41  4:18  Extractor  
  41  4:20  Drone  
  41  4:21  Drone x2  
  44  4:27  Drone x3  
  44  4:30  Drone  
  48  4:32  Drone  
  49  4:41  Drone  
  49  4:43  Roach Warren, Overlord, Evolution Chamber  
  48  4:47  Drone x2  
  48  4:48  Drone  
  48  4:52  Overlord  
  51  5:02  Drone  
  51  5:05  Lair  
  51  5:06  Drone x2  
  53  5:08  Drone  
  53  5:09  Drone  
  53  5:13  Drone  
  53  5:14  Extractor  
  55  5:18  Drone x2  
  57  5:24  Zerg Missile Weapons Level 1, Drone x2  
  57  5:26  Drone  
  60  5:31  Overlord  
  60  5:44  Hatchery  
  60  5:47  Roach x2  
  63  5:50  Roach x2  
  63  5:55  Overlord  
  67  5:58  Roach x2  
  67  6:02  Overlord  
  71  6:05  Glial Reconstitution, Overseer  
  71  6:08  Roach  
  73  6:13  Roach  
  73  6:14  Roach  
  73  6:17  Overlord  
  77  6:19  Roach  
  79  6:26  Roach x3  
  79  6:30  Roach  
  87  6:34  Drone x3  
  87  6:38  Overlord  
  87  6:39  Roach  
  92  6:43  Roach x2  
  96  6:50  Roach  
  96  6:51  Overlord  
  94  7:04  Roach  
  94  7:05  Roach x4  
  102  7:10  Drone x2  
  102  7:11  Extractor, Drone  
  102  7:14  Extractor  
  102  7:16  Drone  
  102  7:17  Drone x2  
  102  7:19  Drone  
  106  7:24  Drone x2  
  106  7:25  Drone  
  106  7:28  Drone  
  106  7:29  Drone  
  111  7:31  Drone  
  112  7:37  Overlord  
  112  7:39  Overlord x2  
  112  7:45  Burrow  
  112  7:46  Tunneling Claws  
  112  7:48  Drone  
  112  7:50  Drone  
  114  7:52  Roach  
  114  7:57  Roach x2  
  120  8:00  Roach  
  120  8:02  Ravager  
  120  8:03  Overlord  
  123  8:06  Roach x2  
  123  8:10  Drone  
  123  8:12  Roach x2  
  131  8:16  Roach x3  
  137  8:21  Roach x3  
  137  8:23  Ravager  
  137  8:25  Roach  
  146  8:29  Overseer, Overlord x2  
  146  8:32  Overlord  
  146  8:37  Overseer  
  146  8:40  Overlord  
  146  8:49  Roach x2  
  146  8:50  Roach  
  146  8:51  Ravager  
  146  8:52  Ravager  
  146  8:53  Roach  
  146  8:54  Roach  
  158  8:56  Hatchery  
  158  8:58  Roach x2  
  158  9:02  Roach x2  
  165  9:08  Roach x4  
  174  9:10  Ravager  
  174  9:11  Overlord  
  174  9:13  Overlord  
Show
View Real Time Build Order
Export as new Build Order

Snute Zerg - Winner!

Build Orders: Pool First 

Get SALT Encoding   

  12  0:00  Drone  
  13  0:14  Extractor  
  12  0:24  Spawning Pool  
  12  0:27  Drone  
  12  0:32  Drone  
  13  0:37  Drone  
  14  0:47  Overlord  
  14  1:10  Queen  
  14  1:11  Zergling x2  
  17  1:16  Metabolic Boost  
  17  1:20  Zergling x2  
  17  1:24  Zergling x2  
  19  1:36  Baneling Nest  
  18  1:40  Zergling x2  
  18  1:43  Zergling x2  
  20  1:52  Overlord  
  20  2:00  Zergling x2  
  21  2:05  Drone  
  22  2:15  Drone  
  22  2:19  Drone  
  22  2:20  Drone  
  22  2:21  Baneling  
  25  2:24  Drone  
  26  2:30  Baneling  
  26  2:33  Drone  
  27  2:52  Hatchery, Drone  
  27  2:55  Drone  
  29  3:05  Drone x2  
  29  3:15  Drone  
  29  3:17  Overlord  
  30  3:26  Overlord  
  30  3:33  Overlord  
  30  3:36  Drone x2  
  30  3:39  Queen  
  34  3:46  Drone  
  35  3:55  Drone  
  35  4:00  Drone x3  
  39  4:07  Drone x2  
  41  4:14  Drone  
  42  4:18  Lair, Drone  
  43  4:25  Drone  
  43  4:28  Evolution Chamber  
  43  4:29  Extractor, Drone  
  43  4:35  Drone  
  43  4:36  Drone x2  
  45  4:38  Drone  
  45  4:39  Drone  
  45  4:40  Roach Warren  
  45  4:41  Extractor  
  45  4:51  Drone  
  46  4:53  Zerg Missile Weapons Level 1  
  46  4:57  Overlord  
  46  5:01  Baneling  
  46  5:06  Overlord  
  46  5:08  Hatchery  
  46  5:12  Overlord  
  46  5:14  Drone x2  
  47  5:18  Drone x2  
  47  5:19  Glial Reconstitution  
  47  5:21  Roach x2  
  51  5:24  Roach  
  51  5:27  Roach  
  57  5:36  Roach  
  57  5:37  Roach x2  
  63  5:45  Roach  
  65  5:53  Roach x4  
  73  6:03  Roach x2  
  77  6:07  Roach  
  77  6:08  Roach  
  77  6:09  Roach  
  83  6:11  Overlord  
  83  6:17  Overlord  
  83  6:22  Roach x3  
  89  6:28  Unknown  
  89  6:36  Drone x2  
  89  6:37  Drone x6  
  89  6:38  Drone  
  98  6:45  Drone x2  
  98  6:46  Drone  
  98  6:47  Drone  
  102  6:49  Zerg Missile Weapons Level 2  
  94  7:05  Roach x3  
  94  7:06  Roach x4  
  100  7:09  Roach, Extractor  
  100  7:10  Roach x2  
  100  7:14  Overlord x2  
  105  7:19  Overlord  
  105  7:21  Overlord  
  105  7:22  Unknown  
  105  7:23  Ravager  
  106  7:31  Queen  
  106  7:33  Extractor, Roach x6  
  119  7:37  Roach  
  119  7:40  Roach x3  
  119  7:43  Roach  
  129  7:46  Roach  
  129  7:47  Overlord  
  129  7:48  Overlord  
  131  7:54  Roach x2  
  135  7:59  Ravager  
  135  8:01  Overlord x2  
  136  8:07  Roach x3  
  136  8:08  Roach  
  144  8:16  Roach x4  
  144  8:19  Overlord  
  152  8:21  Ravager  
  152  8:23  Roach  
  152  8:24  Roach  
  157  8:32  Roach x3  
  163  8:36  Roach x2  
  163  8:37  Roach  
  163  8:39  Roach  
  171  8:41  Roach  
  171  8:44  Roach  
  171  8:47  Overlord  
  175  8:49  Ravager x2  
  175  8:55  Overlord  
  177  8:56  Unknown  
  177  9:06  Ravager  
  177  9:07  Roach x4  

Tags
 
Add a new tag
Caveats
  • Supply blocks, unpowered buildings, or Contaminate may cause inaccurate times.
  • Supply counts are checked every 10 seconds.